 Dungeon Crawl Stone Soup version 0.27.1-34-g3ba077fa99 (console) character file.

Game seed: 4470386567707258329

1087 Banquo the Cleaver (level 8, -1/58 HPs)
             Began as a Formicid Fighter on Feb 4, 2022.
             Was an Elder of Uskayaw.
             Slain by a gnoll (4 damage)
             ... in a bailey.
             The game lasted 00:22:33 (5866 turns).

Banquo the Cleaver (Formicid Fighter)               Turns: 5866, Time: 00:22:33

Health: -1/58      AC: 17    Str: 22    XL:     8   Next: 56%
Magic:  8/8        EV:  6    Int:  9    God:    Uskayaw [****..]
Gold:   193        SH: 10    Dex: 10    Spells: 7/7 levels left

rFire    . . .     SeeInvis +   a - +1 war axe (protect)
rCold    . . .     Faith    .   i - +1 kite shield
rNeg     . . .     Spirit   .   d - +0 chain mail
rPois    .         Reflect  .   (helmet unavailable)
rElec    .         Harm     .   (no cloak)
rCorr    .         Rampage  .   (no gloves)
Will     .....                  f - +0 pair of boots
Stlth    ..........             (no amulet)
HPRegen  0.19/turn              o - ring of flight
MPRegen  0.11/turn              (no ring)

@: under a protective aura, flying
A: permanent stasis, dig shafts and tunnels, antennae 3, four strong arms
a: Dig, Renounce Religion, Stomp, Line Pass


You were in a bailey.
You worshipped Uskayaw.
Uskayaw was noncommittal.
You visited 2 branches of the dungeon, and saw 7 of its levels.
You also visited: Bailey.

You collected 221 gold pieces.
You spent 28 gold pieces at shops.

Inventory:

Hand Weapons
 a - a +1 war axe of protection (weapon)
 j - a +1 dagger of venom
 k - a +0 spear
 n - a +1 antimagic whip
 s - a +0 halberd
 u - a +0 trident
Missiles
 c - 52 poisoned darts
 e - 222 stones
 r - a curare-tipped dart
 t - a throwing net
Armour
 b - a +0 scale mail
 d - a +0 chain mail (worn)
 f - a +0 pair of boots (worn)
 g - a +2 robe of resistance
 i - a +1 kite shield (worn)
Jewellery
 m - a ring of ice
 o - a ring of flight (left hand)
Scrolls
 h - a scroll of identify
 l - 2 scrolls of enchant armour
 p - 3 scrolls of noise
Potions
 q - a potion of might


   Skills:
 - Level 3.2 Fighting
 + Level 9.7 Axes
 - Level 3.2 Armour
 - Level 3.6 Shields


You had 7 spell levels left.
You didn't know any spells.
Your spell library contained the following spells:

 Spells                   Type           Power      Damage    Failure   Level
 Summon Lightning Spire   Summ/Air       0%         N/A       100%        4
 Storm Form               Tmut/Air       0%         N/A       100%        7
 Maxwell's Capacitive Co  Air            0%         ∞         100%        8


Dungeon Overview and Level Annotations

Branches:
Dungeon (7/15)             Temple (1/1) D:4          Bailey (1/1)

Altars:
Ashenzari
Cheibriados
Dithmenos
Gozag
Hepliaklqana
Kikubaaqudgha
Makhleb
Nemelex Xobeh
Okawaru
Ru
Sif Muna
Uskayaw
Vehumet
Xom
Yredelemnul
The Shining One

Shops:
D:3 =:*


Innate Abilities, Weirdness & Mutations

You cannot be hasted, slowed, berserked, paralysed or teleported.
You can dig through walls and to a lower floor.
You have a pair of large antennae on your head. (SInv)
Your four strong arms can wield two-handed weapons with a shield.


Message History

You block the gnoll sergeant's attack.
You slash the gnoll sergeant!
You kill the gnoll sergeant!
Uskayaw will force your foes to share their pain.
You slash the gnoll!
The gnoll is severely wounded.
You block the gnoll's attack. x2
You hit the gnoll but do no damage.
The gnoll is severely wounded.
The gnoll hits you with a +0 trident.
* * * LOW HITPOINT WARNING * * *
You closely miss the gnoll.
The gnoll is severely wounded.
The gnoll hits you but does no damage.
You barely miss the gnoll.
The gnoll is severely wounded.
You block the gnoll's attack.
You hit the gnoll.
You kill the gnoll!
You slash the gnoll!
The gnoll is severely wounded.
The gnoll hits you but does no damage. x2
Uskayaw prepares the audience for your solo!
The helpless gnoll fails to defend itself.
You hit the gnoll but do no damage.
The gnoll is severely wounded.
The helpless gnoll fails to defend itself.
You hit the gnoll but do no damage.
The gnoll is severely wounded.
The gnoll is no longer paralysed.
You block the gnoll's attack.
You hit the gnoll but do no damage.
The gnoll is severely wounded.
You block the gnoll's attack.
You barely miss the gnoll.
The gnoll is severely wounded.
The gnoll barely misses you.
You barely miss the gnoll.
The gnoll is severely wounded.
The gnoll hits you with a +0 trident.
You die...

♣♣≈≈.. ♣.≈..#
♣♣.≈..# { ♣♣..≈..#
{ ♣...≈..# {
♣...≈..# {{
♣♣...≈..#####
###♣♣♣.......'...#
#@#{..∩......'..g'
##g♣♣♣..{....'...#
##♣ ♣♣...≈..#####
♣♣..≈..# { ♣..≈..#
{ ♣..≈..# {
♣♣.≈..# {{ ♣.≈..#
♣♣≈≈..


You could see a gnoll.

Vanquished Creatures
  Sigmund (D:5)
  A black bear (D:4)
  An ogre (D:5)
  A phantom (D:5)
  A kobold brigand (D:7)
  A scorpion (D:5)
  2 gnoll sergeants (Bailey)
  A water moccasin skeleton (D:5)
  2 hounds (Bailey)
  An iguana (D:4)
  A gnoll shaman (D:5)
  A bullfrog skeleton (D:5)
  A hound zombie (D:3)
  A hound skeleton (D:5)
  Robin (D:4)
  2 adders (D:2)
  8 gnolls
  An ufetubus (D:4)
  A worm (D:2)
  5 dart slugs
  2 orcs
  4 endoplasms
  2 giant cockroaches (D:2)
  19 goblins
  3 hobgoblins
  7 jackals
  13 kobolds
  2 quokkas
  9 ball pythons
  8 bats
  4 frilled lizards
  6 rats
113 creatures vanquished.

Notes
Turn   | Place    | Note
-------+----------+-------------------------------------------
     0 | D:1      | Banquo the Formicid Fighter began the quest for the Orb.
     0 | D:1      | Reached XP level 1. HP: 18/18 MP: 1/1
   266 | D:1      | Reached XP level 2. HP: 3/24 MP: 2/2
   684 | D:1      | Reached skill level 3 in Axes
   884 | D:1      | Reached XP level 3. HP: 24/29 MP: 3/3
  1324 | D:2      | Reached skill level 4 in Axes
  1324 | D:2      | Reached XP level 4. HP: 32/35 MP: 4/4
  1864 | D:3      | Found a burning altar of Makhleb.
  1934 | D:3      | Found Jebruoriu's General Store.
  1937 | D:3      | Bought a scroll of identify for 28 gold pieces
  1944 | D:3      | Found Axoluil's Jewellery Emporium.
  2046 | D:3      | Reached XP level 5. HP: 38/41 MP: 5/5
  2306 | D:3      | Found Zooly's Book Boutique.
  2741 | D:4      | Noticed Robin
  3108 | D:3      | Reached skill level 5 in Axes
  3138 | D:3      | Found Zooly's Book Boutique.
  3189 | D:3      | Found a burning altar of Makhleb.
  3275 | D:3      | Found Axoluil's Jewellery Emporium.
  3278 | D:3      | Found Jebruoriu's General Store.
  3938 | D:4      | Reached XP level 6. HP: 34/47 MP: 6/6
  4102 | D:4      | Found a sparkling altar of Nemelex Xobeh.
  4197 | D:4      | Killed Robin
  4201 | D:4      | Reached skill level 6 in Axes
  4276 | D:4      | Noticed a black bear
  4288 | D:4      | Killed a black bear
  4416 | D:4      | Found a staircase to the Ecumenical Temple.
  4424 | Temple   | Entered the Ecumenical Temple
  4638 | Temple   | Became a worshipper of Uskayaw the Reveller
  4955 | D:5      | Entered Level 5 of the Dungeon
  4960 | D:5      | Reached * piety under Uskayaw
  4964 | D:5      | Reached ** piety under Uskayaw
  4965 | D:5      | Reached XP level 7. HP: 36/52 MP: 7/7
  4966 | D:5      | Reached skill level 7 in Axes
  5229 | D:5      | Noticed Sigmund
  5250 | D:5      | Reached *** piety under Uskayaw
  5251 | D:5      | Killed Sigmund
  5252 | D:5      | Reached skill level 8 in Axes
  5252 | D:5      | Reached XP level 8. HP: 47/58 MP: 8/8
  5351 | D:5      | Noticed a gargoyle
  5388 | D:5      | HP: 1/58 [gargoyle/stone arrow (20)]
  5391 | D:5      | You are sucked into a shaft and drop 2 floors!
  5600 | D:7      | Found a flagged portal.
  5627 | D:7      | Reached skill level 9 in Axes
  5759 | Bailey   | Entered a bailey
  5782 | Bailey   | Reached **** piety under Uskayaw
  5857 | Bailey   | HP: 1/58 [gnoll (3)]
  5866 | Bailey   | Slain by a gnoll

Illustrated notes

Levels and vault maps discovered:
D:1:      wander_arrival_desolate, layout_rooms, minmay_pentomino_v2
D:2:      layout_rooms
D:3:      layout_loops_ring, mainiacjoe_overflow_small_starburst, serial_shops,
          nicolae_shop_behind_doors, nicolae_shop_behind_doors, shop,
          minmay_quadrilaterals
D:4:      layout_loops_ring, mainiacjoe_overflow_paths,
          minmay_temple_entry_crystal_x, corexii_corridor_pit,
          hangedman_feature_mirror, minivault_23, uniq_robin
D:5:      minmay_chambers_of_fours, layout_cave_pools, uniq_menkaure,
          uniq_crazy_yiuf_cottage, uniq_sigmund
D:7:      nzn_winding_woodlands_medium [nzn_winding_woodlands_5x5_checkerboard,
          nzn_winding_woodlands_5x15_longhouse,
          nzn_winding_woodlands_5x5_open_star, nzn_winding_woodlands_5x5_cross,
          nzn_winding_woodlands_center_garden,
          nzn_winding_woodlands_5x5_default, nzn_winding_woodlands_5x5_three,
          nzn_winding_woodlands_5x15_jagged, nzn_winding_woodlands_5x5_default],
          layout_loops_ring, mainiacjoe_overflow_large_starburst,
          jmf_multi_god_temple, enter_bailey_2, kennysheep_big_empty_room,
          minmay_alternating_orb
Temple:   dpeg_chambers_temple
Bailey:   bailey_polearm_gnolls_kennysheep, bailey

Skill      XL: |  1  2  3  4  5  6  7  8 |
---------------+-------------------------+-----
Axes           | 3 4 5 6 8 9 |  9.7
Fighting       | |  3.2
Armour         | |  3.2
Shields        | |  3.6

Action                   |  1- 3 |  4- 6 |  7- 9 || total
-------------------------+-------+-------+-------++-------
Melee: War axe           |    86 |   153 |   129 ||   368
 Abil: Dig               |     5 |     5 |     4 ||    14
       Shaft Self        |       |       |     1 ||     1
  Use: Scroll            |     5 |     2 |     2 ||     9
       Potion            |       |     3 |     1 ||     4
 Stab: Paralysed         |       |       |     5 ||     5
Armor: Scale mail        |    27 |    64 |     4 ||    95
       Chain mail        |       |       |    38 ||    38
Dodge: Dodged            |    23 |    57 |    18 ||    98
Block: Kite shield       |    47 |    91 |    53 ||   191
